Workbook

Sheet Overall
B1: FY12 HOA Budget December 7, 2011
B2: Type | C2: Description
B3: Income | C3: HOA Bank Balance | D3: 16500
C4: Assessment (7/10 to 6/11) | D4: 7200
B5: Type | C5: Description | D5: FY11 Budget | E5: FY11 Actual | F5: Difference
B6: Expenses | C6: Social Budget | D6: 2000 | E6: 2018 | F6: =D6-E6 -> -18
C7: Beautification Budget | D7: 7800 | E7: =2846+2846+273 -> 5965 | F7: =D7-E7 -> 1835
C8: Outreach Budget | D8: 900 | E8: 1266 | F8: =D8-E8 -> -366
C9: Tax Preparation | D9: 250 | E9: 250 | F9: =D9-E9 -> 0
C10: Communications | D10: 1250 | E10: 579 | F10: =D10-E10 -> 671
C11: Administrative Costs | D11: 125 | E11: 66 | F11: =D11-E11 -> 59
C12: Ending Bank Balance | D12: =(D3)-SUM(D6:D11) -> 4175 | E12: =(D3)-SUM(E6:E11) -> 6356 | F12: =D12-E12 -> -2181
B14: Type | C14: Description | D14: Annual Amount | E14: Monthly Amount
B15: Annual Income | C15: FY12 Annual Assessment | D15: 180 | E15: =D15/12 -> 15
C16: PROPOSED FY13 Annual Assessment | D16: 150 | E16: =D16/12 -> 12.5
C17: PROPOSED FY14 Annual Assessment | D17: 75 | E17: =D17/12 -> 6.25
B19: Type | C19: Description | D19: Proposed Budget FY12 | E19: Proposed Budget FY13 | F19: Proposed Budget FY14
B20: Income | C20: Cash From Previous Year | D20: =E12 -> 6356 | E20: =D33 -> 6341 | F20: =E33 -> 6291
B21: Income | C21: Annual HOA Assessment | D21: =D15*72 -> 12960 | E21: =D16*72 -> 10800 | F21: =D17*72 -> 5400
B23: Expenses | C23: Approved FY11 Expenses | D23: 2000
C24: Social Budget | D24: ='Social Committee'!H15 -> 2525 | E24: 2500 | F24: 2500
C25: Beautification Budget | D25: ='Beautification Committee'!F17 -> 7750 | E25: ='Beautification Committee'!G17 -> 7750 | F25: ='Beautification Committee'!H17 -> 750
C26: Outreach Budget | D26: ='Outreach Committee'!F24 -> 250 | E26: 250 | F26: 250
C27: Tax Preparation | D27: 250 | E27: 250 | F27: 250
C28: Communications | D28: 100 | E28: 0 | F28: 0
C29: Administrative Costs | D29: 100 | E29: 100 | F29: 100
C31: Proposed Assessment Amount | D31: =SUM(D20:D21) -> 19316 | E31: =SUM(E20:E21) -> 17141 | F31: =SUM(F20:F21) -> 11691
C32: Proposed Budget Amount | D32: =SUM(D23:D29) -> 12975 | E32: =SUM(E24:E29) -> 10850 | F32: =SUM(F24:F29) -> 3850
C33: Proposed Ending Bank Balance | D33: =D31-D32 -> 6341 | E33: =E31-E32 -> 6291 | F33: =F31-F32 -> 7841

Sheet Social Committee
A1: Proposed Social Committee Budget
A2: Season | B2: Event | C2: Data | D2: Time | E2: Location | F2: Description | G2: Includes | H2: Budget
A3: ANYTIME | B3: Block Party | C3: TBD | D3: TBD | E3: Overglen Avenue | F3: Street block party where Homeowners of the neighborhood congregate, either at a house or on a street. Each street is responsible for coordinating the event for mutual enjoyment of the entire neighborhood. Each street can use the money to apply towards any cost related to the event. If additional funds are needed, the residents on that street would need fund on their own. | G3: TBD | H3: 400
C4: TBD | D4: TBD | E4: Clover Bank Street | H4: 400
C5: TBD | D5: TBD | E5: Rainsong Street | H5: 400
C6: TBD | D6: TBD | E6: Corktree Court | H6: 400
C7: TBD | D7: TBD | E7: Precious Stone Drive | H7: 400
C8: TBD | D8: TBD | E8: Trophy | F8: Trophy for best block party | G8: Trophy | H8: 25
G9: EVENT TOTAL | H9: =SUM(H3:H8) -> 2025
A10: FALL | B10: Pig Pickin | C10: TBD | D10: TBD | E10: Pool Parking Lot | F10: BBQ - Budget covers pig and grill (includes sauce, condiments, gas). Neighborhood is responsible for providng their own paper products (plates, utensils, napkins, tablecloths, trashbags, serving utensils). Neighbors bring side dishes and deserts to share, their own drinks. Estimate is for 150 pounds of pork. | G10: Pig and grill only | H10: 500
H11: 0
H12: 0
G14: EVENT TOTAL | H14: =SUM(H10:H13) -> 500
A15: TOTAL COMMITTEE BUDGET | H15: =SUM(H9+H14) -> 2525

Sheet Beautification Committee
A1: Proposed Social Committee Budget
A2: Event | B2: Details | C2: Description | D2: Includes | E2: FY11 Budget | F2: FY12 | G2: FY13 | H2: FY14
A3: Entrance Sign | B3: Precious Stone Drive & Shearon Farm Ave (Y1) | C3: 1. Entrance Monument Sign to signify the single family homes. (Three year initiative with the first sign on the corner of Precious Stone Drive and Shearon Farm Avenue. Sign will look similar to the sign for the new townhomes) 2. Materials for landscaping (trees, shrubs,annuals, soil amendments @ mulch) and installation (Hoping people will volunteer ) 3. Monthly maintenance (includes planting of annuals two times a year, pruning, dead heading, weeding, fertilizing and mulching) Labor Only. | D3: Sign - Year 1 | E3: 5800
D4: Landscaping | E4: 1000
B5: Clover Bank & Shearon Farm Ave (Y2) | D5: Sign- Year 2 | F5: 6000
D6: Landscaping | F6: 1000
B7: Rain Song & Shearon Farm Ave (Y3) | D7: Sign- Year 3 | G7: 6000
D8: Landscaping | G8: 1000
B9: Annual Maintenance | D9: Maintenance | E9: 50 | F9: 50 | G9: 50 | H9: 50
D10: TOTAL | E10: =SUM(E3:E9) -> 6850 | F10: =SUM(F3:F9) -> 7050 | G10: =SUM(G3:G9) -> 7050 | H10: =SUM(H3:H9) -> 50
A11: Yard of Season Competition | B11: Quarterly | C11: 1. Four Gift Certificates valued at $50.00 to redeemed at a local hardware store | D11: Gift Certificates | E11: 200 | F11: 200 | G11: 200 | H11: 200
D12: TOTAL | E12: =E11 -> 200 | F12: =F11 -> 200 | G12: =G11 -> 200 | H12: =H11 -> 200
A13: Update Shearon Farm Avenue Landscape | B13: Area between sidewalk and fence line along Shearon Farm Ave (from Rainsong Avenue to Precisous Stone Drive) | C13: 1. Mulch area to the curb | D13: Mulch | E13: 1000 | F13: 500 | G13: 500 | H13: 500
D14: TOTAL | E14: =E13 -> 1000 | F14: =F13 -> 500 | G14: =G13 -> 500 | H14: =H13 -> 500
A15: Lighpoles | B15: Replace Single Family Lightpoles | C15: TBD | D15: TBD | E15: 0 | F15: 0 | G15: 0 | H15: 0
D16: TOTAL | E16: =E15 -> 0 | F16: =F15 -> 0 | G16: =G15 -> 0 | H16: =H15 -> 0
E17: =SUM(E16+E14+E12+E10) -> 8050 | F17: =SUM(F16+F14+F12+F10) -> 7750 | G17: =SUM(G16+G14+G12+G10) -> 7750 | H17: =SUM(H16+H14+H12+H10) -> 750

Sheet Outreach Committee
A1: Proposed Outreach Committee Budget
A2: Season | B2: Event | C2: Date, Time & Location | D2: Description | E2: Includes | F2: Budget
A3: SPRING | B3: Welcome Kit | C3: TBD | D3: Provide welcoming gifts for new neighbors. Contract Teressa Seethaler to create gift baskets. Baskets not to exceed $25 and estimating 4 per year. (May need to increase budget for number of houses currently on market) | E3: Gift Basket | F3: 25
E4: Gift Basket | F4: 25
C5: 3:00p - 6:00p | E5: Gift Basket | F5: 25
E6: Gift Basket | F6: 25
C7: Pool Parking Lot
E9: EVENT TOTAL | F9: =SUM(F3:F8) -> 100
A10: WINTER | B10: Luminary Night | C10: Saturday, December 24th | D10: Purchase a single paper luminary and then replicate the base by neighbors lending time and equipment, simple power saws and a drill press or two to create the reusable wooden bases ourselves. We figured this cost would not exceed $500 with annual needs for new bags and candles not to exceed $150. | E10: Bag / Candle | F10: 150
C12: 6:00p - 12:00p
C14: All Single Family Streets
E16: EVENT TOTAL | F16: =SUM(F10:F15) -> 150
A17: WINTER | B17: Holiday Gift Drive | C17: November 25 - December 24 | D17: Annual holiday gift drive for local family. All gifts will collected via donations and/or volunteered time.
C19: N/A
C21: Collection House - TBD
E23: EVENT TOTAL | F23: =SUM(F17:F22) -> 0
A24: TOTAL COMMITTEE BUDGET | F24: =SUM(F23+F16+F9) -> 250
